 Dungeon Crawl Stone Soup version 0.16.1-16-gc44b35d (webtiles) character file.

226920 Siriah the Martial Artist (level 18, -5/170 HPs)
             Began as a Grey Draconian Transmuter on Apr 18, 2015.
             Was the Champion of Dithmenos.
             Slain by a greater naga (10 damage)
             ... on level 5 of the Snake Pit on Apr 19, 2015.
             The game lasted 05:03:53 (45121 turns).

Siriah the Martial Artist (DrTm)                   Turns: 45121, Time: 05:03:53

Health: -5/170     AC: 24    Str: 14    XL:     18   Next: 66%
Magic:  37/37      EV: 22    Int: 17    God:    Dithmenos [******]
Gold:   792        SH:  0    Dex: 15    Spells: 8 memorised, 13 levels left

rFire  . . .     SeeInvis +     b - +15 heavy crossbow "Sniper" {velocity, SInv}
rCold  . . .     Clarity  .     (armour unavailable)
rNeg   . . .     SustAb   .     (no shield)
rPois  .         Gourm    .     (helmet restricted)
rElec  .         Spirit   .     R - +2 cloak
rCorr  .         Warding  .     j - +2 pair of gloves
rMut   .         Stasis   .     g - +2 pair of boots
MR     +++..                    m - amulet of regeneration
Stlth  ++++++....               D - ring of protection from magic
                                n - ring of protection from magic

@: lethally poisoned (-5 -> -30), about to teleport, wreathed by umbra,
constricted, extremely resistant to hostile enchantments, very stealthy
A: walk through water, unfitting armour, sense surroundings 1, robust 1,
unbreathing, cold-blooded, AC +15
a: Shadow Step, Shadow Form, Renounce Religion
}: 1/15 runes: decaying


You were on level 5 of the Snake Pit.
You worshipped Dithmenos.
Dithmenos was exalted by your worship.
You were hungry.

You visited 5 branches of the dungeon, and saw 37 of its levels.
You also visited: Labyrinth, Ossuary, Ice Cave and Volcano.

You collected 4908 gold pieces.
You spent 4116 gold pieces at shops.

Inventory:

Hand weapons
 b - the +15 heavy crossbow "Sniper" (weapon) {velocity, SInv}
   (You bought it in a shop on level 4 of the Orcish Mines)

   Any bolt fired from it inflicts extra damage.
   It enhances your eyesight.
Missiles
 i - 308 bolts (quivered)
 t - 5 silver bolts
 O - 318 arrows
 X - 21 poisoned arrows
Armour
 g - a +2 pair of boots (worn)
 j - a +2 pair of gloves (worn)
 R - a +2 cloak (worn)
Jewellery
 a - an uncursed amulet of clarity
 m - an amulet of regeneration (around neck)
 n - a ring of protection from magic (left hand)
 w - an uncursed ring of protection from fire
 x - an uncursed ring of wizardry
 D - a ring of protection from magic (right hand)
 I - an uncursed ring of positive energy
 Q - the ring "Brusmakk" {-Tele rElec rPois rC+ SInv}
   (You bought it in a shop on level 4 of the Orcish Mines)

   [ring of poison resistance]

   It protects you from cold.
   It insulates you from electricity.
   It protects you from poison.
   It enhances your eyesight.
   It prevents most forms of teleportation.
 U - an uncursed ring of protection from cold
 Z - an uncursed ring of sustain abilities
Magical devices
 o - a wand of teleportation (4)
 y - a wand of lightning (8)
 A - a wand of disintegration (10)
 E - a wand of paralysis (9)
 H - a wand of digging (15)
 M - a wand of hasting (5)
 W - a wand of cold (3)
Scrolls
 s - 3 scrolls of magic mapping
 v - 13 scrolls of remove curse
 C - 3 scrolls of silence
 G - 3 scrolls of holy word
 J - 3 scrolls of summoning
 K - 14 scrolls of identify
 L - 3 scrolls of recharging
 N - a scroll of fog
 V - a scroll of teleportation
Potions
 c - a potion of magic
 e - 16 potions of curing
 k - a potion of ambrosia
 l - 4 potions of resistance
 p - 6 potions of restore abilities
 q - 6 potions of brilliance
 r - 4 potions of cancellation
 u - 2 potions of berserk rage
 z - 7 potions of might
 B - a potion of heal wounds
 F - a potion of agility
 T - 6 potions of invisibility
Comestibles
 d - a slice of pizza
 f - 4 beef jerkies
 h - 6 fruits
 P - 3 royal jellies
 S - 5 bread rations
 Y - 3 meat rations


   Skills:
 + Level 12.4 Fighting
 + Level 9.1 Crossbows
 + Level 14.7 Dodging
 + Level 6.8 Stealth
 + Level 14.8 Unarmed Combat
 + Level 12.4 Spellcasting
 + Level 6.3 Charms
 + Level 4.0 Necromancy
 * Level 14.1 Transmutations
 - Level 1.8 Ice Magic
 + Level 0.4 Evocations


You had 13 spell levels left.
You knew the following spells:

 Your Spells              Type           Power        Failure   Level  Hunger
a - Beastly Appendage     Trmt           ######       1%          1    None
b - Sticks to Snakes      Trmt           ######....   1%          2    None
c - Spider Form           Trmt/Pois      ####......   1%          3    None
d - Ice Form              Ice/Trmt       #####...     2%          4    ##.....
e - Blade Hands           Trmt           ######....   1%          5    ####...
f - Flight                Chrm/Air       ###.......   8%          3    None
g - Dragon Form           Trmt           ######....   21%         7    #######
h - Regeneration          Chrm/Necr      ####......   2%          3    None


Dungeon Overview and Level Annotations

Branches:
Dungeon (15/15)            Temple (0/1) D:4            Lair (8/8) D:10
  Swamp (5/5) Lair:6        Snake (5/5) Lair:5        Slime (0/6) Lair:8
    Orc (4/4) D:11            Elf (0/3) Orc:4        Vaults (0/5) D:14
 Depths (0/5) D:15

Altars:
Dithmenos
Fedhas
Kikubaaqudgha
Makhleb
Okawaru
Ru
Sif Muna
Trog
Vehumet
Yredelemnul
Zin
Beogh

Shops:
D:10 }   Orc:2 *   Orc:4 =[((!   Snake:4 [

Annotations:
D:7 exclusion: statue
D:14 3 runed doors, exclusion: orange crystal statue
Snake:4 Take the pizza stairs


Innate Abilities, Weirdness & Mutations

You can walk through water.
Your dull iron-grey scales are very hard (AC +15).
Your body does not fit into most forms of armour.
You can survive without breathing.
Your cold-blooded metabolism reacts poorly to cold.
You passively map a small area around you.
You are robust (+10% HP).


Message History

The greater naga hits you!
* * * LOW HITPOINT WARNING * * *
You emit a cloud of dark smoke.
The naga sharpshooter shoots an arrow.
The arrow misses you.
The arrow barely misses the naga mage.
The naga warrior barely misses you.
The greater naga hits you but does no damage.
The greater naga completely misses you.
The naga warrior hits you but does no damage.
The naga warrior constricts you. The naga mage casts a spell at you.
The poison arrow misses you.
The poison arrow hits the naga sharpshooter.
The naga sharpshooter partially resists.
The naga sharpshooter is poisoned.
The greater naga points at you and mumbles some strange words.
The poison arrow hits you!
You are more poisoned.
* * * LOW HITPOINT WARNING * * *
The greater naga hits you!
You die...

#.# * , ## ###N###
##.##*####..(..#### *
#####....##...........##. *
#.......#...(...........#...
.......#.................#..,
.......#.....§§§S§§......#..,
......#......§.NNN§.......# ,
......#........N@N§.......#
.....†.....⌠...NNN§§.⌠....# ,
......#........§§§........# ,
.......#............[))[.#.
........##....⌠..[⌠....##.......
..........##.........##........
#...........###...###..........
#..............#)#.)...........
##.#.........................# *


You could see 2 naga warriors, 4 greater nagas, a naga sharpshooter, a guardian
serpent and a naga mage.

Vanquished Creatures
  A tentacled monstrosity (Swamp:5)
  Rupert (D:15)
  A thorn hunter (Swamp:4)
  Roxanne (D:14)
  7 greater nagas
  A frost giant (IceCv)
  Aizul (Snake:3)
  3 orc warlords
  Jorgrun (Snake:3)
  A very ugly thing (Swamp:4)
  The ghost of Zwobot the Summoner, a powerful DgSu (Orc:4)
  Snorg (Snake:4)
  A minotaur (Lab)
  A deep elf death mage (D:15)
  A vault guard (D:14)
  2 fire dragons
  11 naga warriors
  17 anacondas
  20 hydras
  An ogre mage (D:15)
  Erica (D:10)
  9 death yaks
  8 alligators
  12 naga sharpshooters
  Urug (D:15)
  10 spriggans
  5 shock serpents
  6 unseen horrors
  Nergalle (Orc:2)
  A deep elf knight (D:15)
  4 salamander mystics
  4 spriggan druids
  A wizard (D:15)
  2 shambling mangroves
  5 naga ritualists
  4 mana vipers
  10 swamp dragons
  2 deep elf conjurers (D:15)
  4 orc knights
  3 oklob plants
  6 orc sorcerers
  2 cyclopes (D:13)
  A hill giant (D:15)
  3 ugly things
  9 salamanders
  A hornet (Swamp:1)
  6 guardian serpents
  20 elephants
  45 black mambas
  2 griffons
  A queen ant (Lair:5)
  A gargoyle (D:9)
  17 naga magi
  A fire drake (Orc:3)
  28 spiny frogs
  A yaktaur (D:15)
  8 komodo dragons
  3 trolls
  3 baby alligators
  Grinder (D:3)
  2 boulder beetles
  9 bog bodies
  13 blink frogs
  11 ravens
  7 giant leeches
  16 polar bears
  23 slime creatures
  2 two-headed ogres
  4 shadows
  8 basilisks
  A redback (Lair:8)
  A flying skull (Volcano)
  A trapdoor spider (D:13)
  4 deep elf magi
  5 wyverns
  A hog (Snake:4)
  2 wraiths
  27 yaks
  6 hungry ghosts
  10 wolves (IceCv)
  2 steam dragons (Lair:8)
  13 hippogriffs
  A neqoxec (Orc:4)
  3 insubstantial wisps (Swamp:1)
  3 vampires (Volcano)
  21 soldier ants
  27 swamp worms
  4 wargs
  2 mottled dragons
  10 vampire mosquitoes
  4 sky beasts
  43 water moccasins
  55 nagas
  47 orc warriors
  A necrophage (D:9)
  10 porcupines
  2 black bears (D:9)
  14 swamp drakes
  4 ice beasts
  4 spiders (Lair:8)
  18 ogres
  4 wasps
  5 centaurs
  15 crocodiles
  4 phantoms
  Duvessa (D:7)
  3 boring beetles
  3 big kobolds
  17 giant frogs
  A wyvern skeleton (D:13)
  A water moccasin skeleton (D:8)
  5 scorpions
  10 killer bees
  5 electric eels
  5 wights (D:11)
  A spriggan skeleton (D:9)
  11 lava snakes
  Dowan (D:7)
  A jelly (D:5)
  5 crimson imps
  24 orc priests
  A quasit (D:9)
  2 goliath beetles
  A giant frog zombie (D:10)
  5 centaur zombies
  A giant frog skeleton (D:10)
  7 iguanas
  2 centaur skeletons
  14 hounds
  29 orc wizards
  Natasha (thrice) (D:4)
  45 worker ants
  14 sheep
  A killer bee zombie (D:8)
  A big kobold zombie (Ossuary)
  A hound skeleton (D:4)
  10 mummies
  33 adders
  72 river rats
  A giant mite (D:4)
  2 shadow imps
  12 white imps (D:12)
  2 worms (D:4)
  An adder skeleton (D:9)
  3 oozes
  219 orcs
  A bat skeleton (D:4)
  3 gnoll zombies (Ossuary)
  21 hobgoblins
  15 quokkas
  A ball python (Snake:3)
  17 bats
  6 giant cockroaches
  A giant gecko (D:2)
  A giant gecko zombie (D:8)
  2 giant newts
  26 goblins
  4 jackals (D:7)
  21 kobolds
  2 kobold zombies (Ossuary)
  3 orc zombies
  A quokka zombie (D:7)
  22 rats
  3 spectral orcs
  A bush (Lair:8)
  6 plants
1528 creatures vanquished.

Vanquished Creatures (collateral kills)
  Saint Roka (Swamp:4)
  Kirke (Snake:3)
  A very ugly thing (Swamp:3)
  A hydra (Lair:6)
  A black mamba (Snake:3)
  A guardian serpent (Lair:8)
  2 polar bears (IceCv)
  2 hogs (Snake:3)
  A hippogriff (Lair:8)
  2 yaks (IceCv)
  A human (Snake:3)
  A phantom (D:4)
  5 river rats (Lair:8)
  A plant (Lair:8)
21 creatures vanquished.

Vanquished Creatures (others)
  2 spiders (Snake:3)
  A giant mite (Snake:3)
  10 fungi
  A plant (Lair:6)
14 creatures vanquished.

Grand Total: 1563 creatures vanquished

Notes
Turn   | Place    | Note
--------------------------------------------------------------
     0 | D:1      | Siriah, the Draconian Transmuter, began the quest for the Orb.
     0 | D:1      | Reached XP level 1. HP: 16/16 MP: 3/3
   289 | D:1      | Reached XP level 2. HP: 20/23 MP: 2/4
   838 | D:2      | Reached XP level 3. HP: 19/28 MP: 4/6
  1432 | D:2      | Found a shadowy altar of Dithmenos.
  1443 | D:2      | Became a worshipper of Dithmenos the Shadowed
  2107 | D:3      | Learned a level 2 spell: Sticks to Snakes
  2111 | D:3      | Learned a level 3 spell: Spider Form
  2219 | D:3      | Reached skill level 7 in Unarmed Combat
  2219 | D:3      | Reached skill level 5 in Spellcasting
  2219 | D:3      | Reached XP level 4. HP: 16/35 MP: 7/14
  2227 | D:3      | Reached XP level 5. HP: 17/40 MP: 7/17
  2285 | D:3      | Found a bloodstained altar of Trog.
  2438 | D:3      | Noticed Grinder
  2466 | D:3      | Killed Grinder
  2466 | D:3      | Reached XP level 6. HP: 48/48 MP: 12/18
  2478 | D:3      | Found a basalt altar of Yredelemnul.
  2682 | D:4      | Found a blossoming altar of Fedhas.
  2772 | D:4      | Your scales start taking on a dull iron-grey colour.
  2772 | D:4      | Gained mutation: You can survive without breathing. [draconian maturity]
  2772 | D:4      | Reached XP level 7. HP: 12/55 MP: 15/20
  3072 | D:4      | Found a staircase to the Ecumenical Temple.
  3108 | D:4      | Noticed Natasha
  3117 | D:4      | Killed Natasha
  3225 | D:4      | Noticed Natasha
  3230 | D:4      | Killed Natasha
  3238 | D:4      | Noticed Natasha
  3249 | D:4      | Killed Natasha
  3368 | D:5      | Entered Level 5 of the Dungeon
  3399 | D:5      | Acquired Dithmenos' first power
  3399 | D:5      | Reached skill level 1 in Stealth
  3821 | D:5      | Reached XP level 8. HP: 33/63 MP: 19/21
  4250 | D:5      | Learned a level 4 spell: Ice Form
  4256 | D:5      | Learned a level 5 spell: Blade Hands
  4279 | D:6      | Reached skill level 1 in Crossbows
  4934 | D:7      | Reached skill level 8 in Unarmed Combat
  4942 | D:7      | Noticed Duvessa
  4942 | D:7      | Noticed Dowan
  4949 | D:7      | Killed Duvessa
  4949 | D:7      | Acquired Dithmenos' second power
  4965 | D:7      | Killed Dowan
  4998 | D:7      | Found a sand-covered staircase.
  5003 | Ossuary  | Entered an ossuary
  5427 | D:7      | Reached XP level 9. HP: 66/71 MP: 19/23
  5705 | D:7      | Found a radiant altar of Vehumet.
  5768 | D:7      | Acquired Dithmenos' third power
  5805 | D:7      | Reached skill level 5 in Dodging
  5844 | D:7      | Gained mutation: You heal slowly when monsters are visible. [miscasting Blade Hands]
  5844 | D:7      | Gained mutation: Your magical capacity is low (-10% MP). [miscasting Blade Hands]
  5912 | D:7      | Lost mutation: Your magical capacity is low (-10% MP). [potion of cure mutation]
  5912 | D:7      | Lost mutation: You heal slowly when monsters are visible. [potion of cure mutation]
  6175 | D:8      | Found an iron altar of Okawaru.
  6506 | D:8      | Found an ancient bone altar of Kikubaaqudgha.
  6691 | D:9      | Found a runed door.
  6691 | D:9      | Noticed an unseen horror
  6716 | D:9      | Killed an unseen horror
  6800 | D:9      | Noticed a red ugly thing
  6814 | D:9      | Noticed a gargoyle
  6833 | D:9      | Reached XP level 10. HP: 38/80 MP: 18/24
  6834 | D:9      | Killed a gargoyle
  6834 | D:9      | Reached skill level 9 in Unarmed Combat
  7020 | D:9      | Reached skill level 5 in Fighting
  7119 | D:9      | Found a glowing silver altar of Zin.
  8106 | D:10     | Entered Level 10 of the Dungeon
  8742 | D:10     | Acquired Dithmenos' fourth power
  8780 | D:10     | Noticed Erica
  8788 | D:10     | Killed Erica
  9091 | D:10     | Found Stiteorch's Gadget Boutique.
  9242 | D:10     | Found a staircase to the Lair.
  9406 | D:11     | Found a staircase to the Lair.
  9454 | D:11     | Noticed a guardian serpent
  9470 | D:11     | Reached XP level 11. HP: 89/89 MP: 26/26
  9572 | D:11     | Gained mutation: You are robust (+10% HP). [mutagenic meat]
  9632 | D:11     | Found a staircase to the Orcish Mines.
 10114 | D:11     | Gained mutation: Your magical capacity is low (-10% MP). [mutagenic meat]
 10590 | D:11     | Reached skill level 1 in Ice Magic
 10957 | Orc:1    | Entered Level 1 of the Orcish Mines
 11157 | D:12     | Found a frozen archway.
 11212 | IceCv    | Entered an ice cave
 11577 | IceCv    | Noticed an ice statue
 11856 | IceCv    | Lost mutation: Your magical capacity is low (-10% MP). [potion of beneficial mutation]
 12101 | IceCv    | Noticed a frost giant
 12291 | IceCv    | Killed a frost giant
 12291 | IceCv    | Reached skill level 10 in Unarmed Combat
 12900 | IceCv    | Reached XP level 12. HP: 52/110 MP: 28/28
 13961 | D:12     | You fall through a shaft for 3 floors!
 13961 | D:15     | Entered Level 15 of the Dungeon
 13965 | D:14     | Found a labyrinth entrance.
 13996 | Lab      | Entered a labyrinth
 14331 | Lab      | Learned a level 3 spell: Flight
 14388 | Lab      | Found an exit through the horrors of the Abyss.
 15183 | Lab      | Noticed a minotaur
 15197 | Lab      | Killed a minotaur
 15219 | Lab      | Identified a scroll of acquirement
 16350 | D:13     | Reached skill level 11 in Unarmed Combat
 16771 | D:14     | Noticed a fire dragon
 16781 | D:14     | Killed a fire dragon
 16902 | D:14     | Noticed Roxanne
 16977 | D:14     | Reached XP level 13. HP: 117/117 MP: 30/30
 16986 | D:14     | Learned a level 7 spell: Dragon Form
 17011 | D:14     | Killed Roxanne
 17011 | D:14     | Reached skill level 10 in Dodging
 17013 | D:14     | Identified Roxanne's Volume of Ashen Moulding (You took it off Roxanne on level 14 of the Dungeon)
 17065 | D:14     | Found a runed door.
 17116 | D:14     | Found a runed door.
 17126 | D:14     | Found a runed door.
 17133 | D:14     | Found a runed door.
 17155 | D:14     | Found a gate to the Vaults.
 17155 | D:14     | Noticed a vault guard
 17178 | D:14     | Killed a vault guard
 17365 | D:14     | You fall through a shaft!
 17414 | D:15     | Reached skill level 5 in Crossbows
 17468 | D:15     | Reached skill level 1 in Charms
 17468 | D:15     | Reached XP level 14. HP: 117/126 MP: 29/31
 17491 | D:15     | Noticed Rupert
 17532 | D:15     | Killed Rupert
 17986 | D:15     | Noticed Urug
 18004 | D:15     | Killed Urug
 18337 | D:15     | Found a staircase to the Depths.
 18337 | D:15     | Noticed an ogre mage
 18358 | D:15     | Killed an ogre mage
 18422 | D:15     | Noticed a deep elf death mage
 18486 | D:15     | Killed a deep elf death mage
 18951 | D:11     | Killed a guardian serpent
 19081 | Lair:1   | Entered Level 1 of the Lair of Beasts
 19454 | Lair:1   | Found a burning altar of Makhleb.
 21699 | Lair:4   | Reached skill level 5 in Stealth
 22015 | Lair:4   | Reached skill level 12 in Unarmed Combat
 23220 | Lair:5   | Reached XP level 15. HP: 65/137 MP: 30/32
 23467 | Lair:5   | Found a staircase to the Snake Pit.
 24475 | Lair:6   | Found a staircase to the Swamp.
 24693 | Lair:6   | Reached skill level 10 in Spellcasting
 25509 | Lair:7   | Reached skill level 10 in Fighting
 26347 | Lair:8   | Entered Level 8 of the Lair of Beasts
 26729 | Lair:8   | Found a staircase to the Slime Pits.
 27502 | Lair:8   | Reached skill level 13 in Unarmed Combat
 28789 | Orc:1    | Found a roughly hewn altar of Beogh.
 29147 | Orc:2    | Found Pyfaga's Assorted Antiques.
 29150 | Orc:2    | Bought a notched iron ring for 130 gold pieces
 29150 | Orc:2    | Bought a potion of magic for 208 gold pieces
 29184 | Orc:2    | Noticed Nergalle
 29241 | Orc:2    | Killed Nergalle
 29740 | Orc:3    | Found a dark tunnel.
 29754 | Volcano  | Entered a volcano
 30674 | Orc:2    | Reached XP level 16. HP: 127/149 MP: 31/33
 31199 | Orc:3    | Learned a level 3 spell: Regeneration
 31400 | Orc:4    | Entered Level 4 of the Orcish Mines
 31536 | Orc:4    | Found a staircase to the Elven Halls.
 31539 | Orc:4    | Noticed Zwobot's ghost (powerful DgSu)
 31587 | Orc:4    | Killed Zwobot's ghost
 31980 | Orc:4    | Found a roughly hewn altar of Beogh.
 32039 | Orc:4    | Found Pnuak's Jewellery Shoppe.
 32044 | Orc:4    | Bought an uncursed ring of sustain abilities for 210 gold pieces
 32044 | Orc:4    | Bought the ring "Brusmakk" {-Tele rElec rPois rC+ SInv} for 475 gold pieces
 32143 | Orc:4    | Found Kaus' Distillery.
 32152 | Orc:4    | Bought a potion of beneficial mutation for 385 gold pieces
 32152 | Orc:4    | Bought a potion of might for 44 gold pieces
 32152 | Orc:4    | Bought a potion of brilliance for 44 gold pieces
 32156 | Orc:4    | Gained mutation: You passively map a small area around you. [potion of beneficial mutation]
 32162 | Orc:4    | Found a roughly hewn altar of Beogh.
 32304 | Orc:4    | Found a roughly hewn altar of Beogh.
 32304 | Orc:4    | Found Mnagh's Antique Weapon Boutique.
 32312 | Orc:4    | Found Zirunaor's Antique Armour Shop.
 32561 | Orc:4    | Found a roughly hewn altar of Beogh.
 32561 | Orc:4    | Found Macisac's Antique Weapon Emporium.
 32615 | Orc:4    | Bought the +15 heavy crossbow "Sniper" {velocity, SInv} for 2620 gold pieces
 33082 | Snake:1  | Entered Level 1 of the Snake Pit
 33915 | Snake:1  | Reached skill level 1 in Necromancy
 34998 | Snake:3  | Noticed Jorgrun
 35018 | Snake:3  | Killed Jorgrun
 35032 | Snake:3  | Noticed Aizul
 35354 | Snake:3  | Killed Aizul
 35641 | Snake:3  | Noticed Kirke
 35732 | Snake:3  | Found a sacrificial altar of Ru.
 36415 | Snake:4  | Found a deep blue altar of Sif Muna.
 36491 | Snake:4  | Noticed Snorg
 36505 | Snake:4  | Killed Snorg
 36530 | Snake:4  | Found Giam's Armour Shoppe.
 36539 | Snake:4  | Reached XP level 17. HP: 128/158 MP: 27/35
 37460 | Snake:3  | Reached skill level 5 in Charms
 37566 | Snake:3  | Killed Kirke
 37836 | Snake:5  | Entered Level 5 of the Snake Pit
 38241 | Snake:5  | Found an iron altar of Okawaru.
 38645 | Snake:5  | Reached skill level 14 in Unarmed Combat
 38911 | Swamp:1  | Entered Level 1 of the Swamp
 42185 | Swamp:4  | Reached XP level 18. HP: 169/169 MP: 33/36
 42696 | Swamp:4  | Noticed Saint Roka
 42868 | Swamp:4  | Killed Saint Roka
 43202 | Swamp:5  | Entered Level 5 of the Swamp
 43867 | Swamp:5  | Got a decaying rune of Zot
 45121 | Snake:5  | HP: 5/170 [greater naga/poison arrow (24)]
 45121 | Snake:5  | Slain by a greater naga

Action                   |  1- 3 |  4- 6 |  7- 9 | 10-12 | 13-15 | 16-18 || total
-------------------------+-------+-------+-------+-------+-------+-------++-------
Melee: Unarmed           |   191 |    97 |   482 |   815 |  1716 |  1535 ||  4836
 Fire: Hand crossbow     |       |       |    71 |    79 |       |       ||   150
       Arbalest          |       |       |       |    51 |   273 |    79 ||   403
       Heavy crossbow    |       |       |       |       |       |   282 ||   282
 Cast: Beastly Appendage |    24 |    11 |    15 |    41 |    54 |    22 ||   167
       Sticks to Snakes  |       |     6 |     2 |    43 |     9 |    37 ||    97
       Spider Form       |       |     1 |    12 |    22 |    45 |     7 ||    87
       Blade Hands       |       |       |     5 |     7 |    19 |    89 ||   120
       Ice Form          |       |       |     2 |    11 |    21 |    35 ||    69
       Flight            |       |       |       |     1 |     4 |       ||     5
       Regeneration      |       |       |       |       |       |   112 ||   112
Invok: Shadow Step       |       |       |       |       |     1 |       ||     1
 Abil: End Transformatio |       |       |       |     1 |       |    46 ||    47
Evoke: Wand              |       |       |       |     7 |     1 |     4 ||    12
       Sack of spiders   |       |       |       |       |       |     2 ||     2
       Box of beasts     |       |       |       |       |       |     1 ||     1
  Use: Potion            |     1 |       |     2 |    17 |     4 |    14 ||    38
       Scroll            |       |       |    19 |    20 |    19 |    12 ||    70
 Stab: Sleeping          |     1 |       |     6 |     9 |    49 |     7 ||    72
       Distracted        |       |       |       |     1 |     6 |     3 ||    10
       Confused          |       |       |       |       |     1 |       ||     1
  Eat: Chunk             |     4 |     2 |    20 |    36 |    63 |    87 ||   212
       Fruit             |       |       |       |     3 |       |     1 ||     4
       Beef jerky        |       |       |       |     2 |       |     1 ||     3
       Pizza             |       |       |       |     1 |       |       ||     1
